 Dungeon Sprint DCSS version 0.18.1-47-g9310371 (webtiles) character file.

3900000 protoss039 the Conqueror (level 23, -20/197 HPs)
             Began as an Octopode Fighter on June 13, 2016.
             Was the Champion of Makhleb.
             Demolished by a destroyer
             ... wielding a +9 great sword of slicing
              (165 damage)
             ... in the Dungeon (Sprint VIII: "Arena of Blood").
             The game lasted 00:02:39 (39 turns).

protoss039 the Conqueror (Octopode Fighter)           Turns: 39, Time: 00:02:39

Health: -20/197    AC:  1    Str: 18    XL:     23   Next: 0%
Magic:  21/54      EV: 35    Int: 10    God:    Makhleb [******]
Gold:   0          SH:  0    Dex: 19    Spells: 0 memorised, 76 levels left

rFire  . . .     SeeInvis .     k - +∞ Axe of Woe
rCold  . . .     Gourm    .     (shield currently unavailable)
rNeg   . . .     Faith    .     (helmet restricted)
rPois  .         Spirit   .     (no amulet)
rElec  .         Dismiss  .     m - +30 ring of slaying
rCorr  .         Reflect  .     r - +200 ring of slaying
SustAt .         Harm     .     (no ring)
MR     +....     NoTele   +     (no ring)
Stlth  ++++++++++               (no ring)
                                (no ring)
                                (no ring)
                                (no ring)

@: somewhat resistant to hostile enchantments, uncannily stealthy
A: almost no armour, amphibious, 8 rings, constrict 8, camouflage 1, gelatinous
body 1
a: Minor Destruction, Lesser Servant of Makhleb, Major Destruction, Greater
Servant of Makhleb, Renounce Religion


You were in the Dungeon.
You worshipped Makhleb.
Makhleb was exalted by your worship.
You were not hungry.

You visited 1 branch

Inventory:

Hand Weapons
 a - a +0 war axe
 k - the +∞ Axe of Woe (weapon)
   (You found it in the Dungeon)
 l - a +9 war axe
 n - a +9 battleaxe
 p - a +9 battleaxe
 q - a +9 battleaxe
Armour
 b - a +0 shield
Jewellery
 m - a +30 ring of slaying (left tentacle)
 o - a +30 ring of slaying
 r - a +200 ring of slaying (right tentacle)
 s - a +200 ring of slaying
Scrolls
 j - a scroll of blinking
Potions
 c - a potion of might
 e - a potion of curing
 f - a potion of heal wounds
 g - a potion of haste
 h - 2 potions of magic
 i - a potion of berserk rage
Comestibles
 d - a bread ration


   Skills:
 O Level 27 Fighting
 O Level 27 Axes
 O Level 27 Throwing
 O Level 27 Dodging
 O Level 27 Stealth
 O Level 27 Shields
 O Level 27 Unarmed Combat
 O Level 27 Spellcasting
 O Level 27 Invocations


You had 76 spell levels left.
You didn't know any spells.

Dungeon Overview and Level Annotations

Branches:
Dungeon (1/1)

Altars:
Makhleb


Innate Abilities, Weirdness & Mutations

You cannot wear most types of armour.
You are amphibious.
You can wear up to eight rings at the same time.
You can use your tentacles to constrict eight enemies at once.
Your skin changes colour to match your surroundings (Stealth).
Your rubbery body absorbs attacks (AC +1).


Message History

You have reached level 23!
You are engulfed in roaring flames.
You hear a shout! x5
An orc and a vampire knight come into view.
A meat berserker comes into view. It is wielding a +9 battleaxe.
You are engulfed in roaring flames.
You hear a shout! x4
The meat berserker moves out of view.
You hear a shout! x2
The destroyer blinks!
You hear a shout!
There is a staircase leading out of the dungeon, spattered with blood here.
Items here: )))) ==== † Unknown command.
s - a +200 ring of slaying You are engulfed in roaring flames.
You hear a shout! x5
The destroyer hits you with a +9 great sword of slicing!!!!!
Ouch! That really hurt!
You die...

.. .... ..o ...
#.. ..# . #.o
..# . ..###.o
%.###..
..oV..###.......
....§.§§§.%.....
....#.)§§%#.....
. #_§@§§# ...
#.V))§# .
......))_§..%...
..o...o###......
.§###.. ..###..
. #.§ ..# . #..
..# o.. ... ....
..


You could see 2 destroyers and 6 bags of meat.

Vanquished Creatures
  3 vampire knights (D)
  8 ogres (D)
  12 orcs (D)
  2 hill giants (D)
25 creatures vanquished.

Notes
Turn   | Place    | Note
--------------------------------------------------------------
     0 | D        | protoss039 the Octopode Fighter began the quest for the Orb.
     0 | D        | Reached XP level 1. HP: 16/16 MP: 1/1
     2 | D        | Noticed a bag of meat
     3 | D        | Noticed a bag of meat
     3 | D        | Noticed a bag of meat
     3 | D        | Noticed a meat berserker
     6 | D        | Noticed a bag of meat
     6 | D        | Noticed a bag of meat
     7 | D        | Noticed a bag of meat
     7 | D        | Killed a meat berserker
     7 | D        | Reached skill level 10 in Axes
     7 | D        | Reached XP level 2. HP: 44/44 MP: 2/2
     7 | D        | Reached XP level 3. HP: 49/49 MP: 3/3
     7 | D        | Reached XP level 4. HP: 56/56 MP: 4/4
     7 | D        | Reached XP level 5. HP: 62/62 MP: 5/5
     7 | D        | Reached XP level 6. HP: 68/68 MP: 6/6
     7 | D        | Reached XP level 7. HP: 74/74 MP: 7/7
     7 | D        | Reached XP level 8. HP: 81/81 MP: 8/8
     7 | D        | Reached XP level 9. HP: 86/86 MP: 9/9
     7 | D        | Reached XP level 10. HP: 93/93 MP: 10/10
     7 | D        | Reached XP level 11. HP: 99/99 MP: 11/11
     7 | D        | Reached XP level 12. HP: 105/105 MP: 12/12
     7 | D        | Reached XP level 13. HP: 111/111 MP: 13/13
     8 | D        | Noticed a meat berserker
     8 | D        | Killed a bag of meat
     8 | D        | Reached XP level 14. HP: 120/120 MP: 14/14
    12 | D        | Noticed a meat berserker
    12 | D        | Became a worshipper of Makhleb the Destroyer
    13 | D        | Killed a bag of meat
    13 | D        | Killed a meat berserker
    13 | D        | Reached * piety under Makhleb
    13 | D        | Reached XP level 15. HP: 95/134 MP: 15/15
    13 | D        | Killed a meat berserker
    13 | D        | Reached XP level 16. HP: 102/144 MP: 16/16
    13 | D        | Reached ** piety under Makhleb
    13 | D        | Reached skill level 15 in Axes
    14 | D        | Reached XP level 17. HP: 148/155 MP: 17/17
    15 | D        | Noticed a meat berserker
    16 | D        | Noticed a large bag of meat
    17 | D        | Killed a meat berserker
    17 | D        | Reached *** piety under Makhleb
    17 | D        | Reached skill level 27 in Fighting
    17 | D        | Reached skill level 27 in Dodging
    17 | D        | Reached skill level 27 in Shields
    18 | D        | Noticed a meat berserker
    20 | D        | Noticed a meat berserker
    20 | D        | Reached XP level 18. HP: 163/163 MP: 18/18
    21 | D        | Noticed a destroyer
    22 | D        | Killed a meat berserker
    22 | D        | Reached **** piety under Makhleb
    22 | D        | Reached skill level 27 in Axes
    22 | D        | Killed a large bag of meat
    22 | D        | Reached skill level 5 in Spellcasting
    22 | D        | Reached XP level 19. HP: 149/170 MP: 18/27
    22 | D        | Reached ***** piety under Makhleb
    22 | D        | Reached skill level 10 in Throwing
    22 | D        | Reached skill level 10 in Unarmed Combat
    22 | D        | Reached skill level 10 in Spellcasting
    23 | D        | Noticed a meat berserker
    24 | D        | Noticed a large bag of meat
    26 | D        | Noticed a destroyer
    26 | D        | Killed a meat berserker
    26 | D        | Reached skill level 15 in Invocations
    27 | D        | Killed a large bag of meat
    27 | D        | Reached XP level 20. HP: 177/177 MP: 18/37
    28 | D        | Noticed a destroyer
    29 | D        | Killed a destroyer
    30 | D        | Killed a destroyer
    30 | D        | Reached skill level 27 in Stealth
    30 | D        | Reached XP level 21. HP: 183/183 MP: 19/44
    30 | D        | Killed a meat berserker
    30 | D        | Reached ****** piety under Makhleb
    32 | D        | Noticed a destroyer
    33 | D        | Noticed a meat berserker
    33 | D        | Reached XP level 22. HP: 190/190 MP: 20/48
    33 | D        | Killed a destroyer
    33 | D        | Reached skill level 27 in Invocations
    34 | D        | Noticed a destroyer
    36 | D        | Noticed a destroyer
    37 | D        | Reached skill level 27 in Throwing
    37 | D        | Reached skill level 27 in Unarmed Combat
    37 | D        | Reached skill level 27 in Spellcasting
    37 | D        | Reached XP level 23. HP: 197/197 MP: 20/54
    38 | D        | Noticed a destroyer
    39 | D        | Demolished by a destroyer

Skill      XL: |  1  2  3  4  5  6  7  8  9 10 11 12 13 14 15 16 17 18 19 20 21 22 |
---------------+-------------------------------------------------------------------+-----
Fighting       | 18 19 23 24 26 27 | 27.0
Axes           | 10 11 13 14 16 23 27 | 27.0
Dodging        | 18 20 23 24 26 27 | 27.0
Shields        | 18 19 22 24 25 27 | 27.0
Throwing       | 6 14 20 23 27 | 27.0
Stealth        | 8 20 27 | 27.0
Unarmed Combat | 6 14 20 23 27 | 27.0
Spellcasting   | 5 13 19 22 27 | 27.0
Invocations    | 6 16 22 25 27 | 27.0

Action                   |  1- 3 |  4- 6 |  7- 9 | 10-12 | 13-15 | 16-18 | 19-21 | 22-24 || total
-------------------------+-------+-------+-------+-------+-------+-------+-------+-------++-------
Melee: Executioner's axe |     1 |       |       |       |     2 |     4 |     5 |     2 ||    14
Dodge: Dodged            |       |       |       |       |       |     2 |     2 |       ||     4
